 Dungeon Crawl Stone Soup version 0.28-a0-691-gad6df49e81 (webtiles) character file.

Game seed: 2158444269911161700

5811 Dvallin the Grappler (level 10, -4/105 HPs)
             Began as a Yellow Draconian Transmuter on Oct 22, 2021.
             Was a Believer of Uskayaw.
             Slain by Grum (16 damage)
             ... on level 9 of the Dungeon.
             The game lasted 00:24:41 (9694 turns).

Dvallin the Grappler (Yellow Draconian Transmuter)  Turns: 9694, Time: 00:24:41

Health: -4/105     AC:  7    Str: 13    XL:     10   Next: 50%
Magic:  12/14      EV: 12    Int: 23    God:    Uskayaw [**....]
Gold:   261        SH:  0    Dex: 12    Spells: 3/13 levels left

rFire   . . .      SeeInvis .     - Unarmed
rCold   + + +      Faith    .   (shield currently unavailable)
rNeg    . . .      Spirit   .   (armour unavailable)
rPois   +          Reflect  .   (helmet currently unavailable)
rElec   .          Harm     .   (cloak currently unavailable)
rCorr   .          Rampage  .   (gloves currently unavailable)
Will    .....                   (boots currently unavailable)
Stlth   +.........              r - amulet "Ycyfodui" {rF+ rC+ Regen+ Int+7}
HPRegen 1.27/turn               p - ring of flight
MPRegen 0.14/turn               (no ring)

@: ice-form, flying
A: freezing attack, amphibious, boosted hp, (spit acid), AC +7, large, unfitting
armour, (cold-blooded), (acid resistance)
a: End Transformation, Renounce Religion, Stomp, Line Pass


You were on level 9 of the Dungeon.
You worshipped Uskayaw.
Uskayaw was noncommittal.
You were a creature of crystalline ice.
You visited 2 branches of the dungeon, and saw 10 of its levels.
You also visited: Sewer.

You collected 261 gold pieces.

Inventory:

Missiles
 u - 4 curare-tipped darts
 y - 17 poisoned darts
Armour
 d - a +0 tower shield
 t - a +2 buckler
 v - a +0 pair of gloves (melded)
 H - a +1 cloak (melded)
Jewellery
 p - a ring of flight (left front paw)
 r - the amulet "Ycyfodui" (around neck) {rF+ rC+ Regen+ Int+7}
   (You found it on level 4 of the Dungeon)

   [amulet of regeneration]

   Int:       It affects your intelligence (+7).
   rF:        It protects you from fire.
   rC:        It protects you from cold.
   Regen:     It increases your rate of health regeneration.
 G - a ring of fire
Wands
 g - a wand of iceblast (14)
 l - a wand of digging (3)
 w - a wand of paralysis (9)
Scrolls
 a - 3 scrolls of teleportation
 b - 3 scrolls of identify
 c - a scroll of fear
 h - a scroll of summoning
 o - 5 scrolls of amnesia
 D - a scroll of fog {unknown}
Potions
 e - 7 potions of curing {unknown}
 f - 3 potions of invisibility {unknown}
 j - 5 potions of heal wounds
 k - 4 potions of cancellation {unknown}
 m - 3 potions of flight {unknown}
 q - 2 potions of lignification {unknown}
 s - a potion of berserk rage {unknown}
 x - a potion of haste {unknown}
 z - a potion of attraction {unknown}
 A - a potion of ambrosia {unknown}
 C - 2 potions of magic {unknown}
 E - a potion of mutation {unknown}
 F - a potion of might {unknown}


   Skills:
 + Level 7.9 Fighting
 + Level 6.3 Dodging
 + Level 9.1 Unarmed Combat
 - Level 2.0 Spellcasting
 + Level 7.4 Transmutations
 + Level 5.9 Invocations


You had 3 spell levels left.
You knew the following spells:

 Your Spells              Type           Power      Damage    Failure   Level
a - Beastly Appendage     Tmut           72%        N/A       1%          1
b - Spider Form           Tmut/Pois      9%         N/A       9%          3
c - Ice Form              Ice/Tmut       19%        N/A       28%         4
d - Wereblood             Tmut           36%        N/A       1%          2

Your spell library contained the following spells:

 Spells                   Type           Power      Damage    Failure   Level
 Magic Dart               Conj           8%         1d3       13%         1
 Ignite Poison            Fire/Tmut/Pois 13%        N/A       14%         3
 Blink                    Tloc           N/A        N/A       19%         2
 Call Imp                 Summ           2%         N/A       19%         2
 Conjure Flame            Conj/Fire      2%         6-21      36%         3
 Frozen Ramparts          Ice            4%         1d2       36%         3
 Mephitic Cloud           Conj/Pois/Air  2%         N/A       36%         3
 Petrify                  Tmut/Erth      19%        N/A       28%         4
 Sticky Flame             Conj/Fire      2%         2d3       77%         4
 Summon Ice Beast         Ice/Summ       2%         N/A       77%         4
 Manifold Assault         Tloc           2%         N/A       98%         5
 Metabolic Englaciation   Hex/Ice        1%         N/A       98%         5
 Statue Form              Tmut/Erth      12%        N/A       99%         6
 Storm Form               Tmut/Air       9%         N/A       100%        7


Dungeon Overview and Level Annotations

Branches:
Dungeon (9/15)             Temple (1/1) D:5           Sewer (visited)
   Lair: D:8-11         Orc: D:9-12

Altars:
Ashenzari
Cheibriados
Dithmenos
Elyvilon
Fedhas
Hepliaklqana
Kikubaaqudgha
Makhleb
Nemelex Xobeh
Okawaru
Qazlal
Ru
Sif Muna
Trog
Uskayaw
Wu Jian
Xom
Yredelemnul
Zin
The Shining One

Shops:
D:1 (

Annotations:
D:9 Grum


Innate Abilities, Weirdness & Mutations

You are a creature of crystalline ice.
You have a powerful freezing melee attack.
You are amphibious.
Your maximum health is increased.
Your armour is entirely melded.
You are incapable of wielding weapons or throwing items.
((You can spit globs of acid.))
((Your golden yellow scales are hard. (AC +7)))
You cannot fit into any form of body armour.
((You are cold-blooded and may be slowed by cold attacks.))
((You are resistant to acid. (rCorr)))


Message History

An arc of chaos appears from out of thin air!
The arc of chaos hits you. You resist. Something hits you. Something melts you.
The orc warrior hits you with a +2 long sword of holy wrath!
Something hits you.
You are slowing down.
You punch something! You freeze something! Something hits you!
The orc warrior hits you with a +2 long sword of holy wrath!
Your limbs are stiffening.
You pummel something!! You freeze something.
Reactivating autopickup.
You feel a bit more experienced.
The orc warrior hits you with a +2 long sword of holy wrath!
You have turned to stone.
You can now pass through a line of other dancers.
The orc warrior hits you with a +2 long sword of holy wrath.
The orc warrior hits you with a +2 long sword of holy wrath!
The orc warrior hits you with a +2 long sword of holy wrath! x4
You can no longer pass through a line of other dancers.
The orc warrior hits you with a +2 long sword of holy wrath! x2
You turn to ice and can move again.
You punch the orc warrior! You freeze the orc warrior.
The orc warrior is moderately wounded.
The orc warrior barely misses you.
You punch the orc warrior! You freeze the orc warrior.
The orc warrior is almost dead.
The orc warrior barely misses you.
Grum hits you from afar with a +1 halberd.
You can now pass through a line of other dancers.
You hit the orc warrior but do no damage.
The orc warrior is almost dead.
The orc warrior hits you with a +2 long sword of holy wrath.
* * * LOW HITPOINT WARNING * * *
Grum barely misses you.
You hit the orc warrior but do no damage.
The orc warrior is almost dead.
The orc warrior hits you with a +2 long sword of holy wrath!!
* * * LOW HITPOINT WARNING * * *
Grum hits you from afar with a +1 halberd!
You die...

*,,.≈≈.≈≈..# *#...≈≈≈....#
*...≈≈≈≈≈≈..#
############..≈≈≈≈≈≈...####
#..............≈≈≈≈≈.†.o{..
#...............≈≈≈..†<)...
#...........g...≈...≈...g..
#..........................
#.........Y)...............
#..........o...............
#.......<..................
#..........................
#.....#..................).
#<....#.........$..........
#.....#..............,,,,,,
##.........##########******
#.........#


You could see Grum and an orc warrior.

Vanquished Creatures
  A two-headed ogre (D:8)
  Psyche (D:9)
  Sigmund (D:2)
  2 wyverns
  A steam dragon (D:6)
  Menkaure (D:7)
  2 water moccasins
  2 ice beasts
  An orc warrior (D:8)
  2 black bears
  A hornet zombie (D:5)
  3 sky beasts
  A necrophage (D:6)
  A centaur (D:8)
  4 wolves
  5 kobold brigands
  4 bullfrogs
  A wyvern zombie (D:5)
  3 scorpions
  A water moccasin zombie (D:5)
  A water moccasin skeleton (D:5)
  3 killer bees
  6 wights
  2 howler monkeys
  A bullfrog zombie (D:5)
  2 centaur zombies
  A gnoll shaman (D:7)
  A bullfrog skeleton (D:5)
  3 jellies
  Crazy Yiuf (D:7)
  2 centaur skeletons (D:5)
  3 hounds
  Natasha (thrice) (D:4)
  2 scorpion zombies (D:5)
  An iguana (D:6)
  2 orc wizards
  A centaur simulacrum (D:9)
  3 hound zombies (D:5)
  A hound skeleton (D:5)
  Robin (D:4)
  2 howler monkey zombies (D:5)
  10 adders
  9 gnolls
  5 ufetubi
  2 adder skeletons (D:5)
  3 worms
  4 dart slugs
  12 orcs
  3 endoplasms (Sewer)
  19 goblins
  5 hobgoblins
  18 kobolds
  10 quokkas
  8 ball pythons
  7 bats
  2 frilled lizards (D:1)
  5 rats
202 creatures vanquished.

Vanquished Creatures (others)
  An orc (D:9)
  17 plants
  8 withered plants (D:5)
26 creatures vanquished.

Grand Total: 228 creatures vanquished

Notes
Turn   | Place    | Note
-------+----------+-------------------------------------------
     0 | D:1      | Dvallin the Draconian Transmuter began the quest for the
                  | Orb.
     0 | D:1      | Reached XP level 1. HP: 16/16 MP: 3/3
   206 | D:1      | Found Giew's Weapon Boutique.
   245 | D:1      | Reached XP level 2. HP: 23/23 MP: 3/5
   997 | D:2      | Found a faded altar of an unknown god.
  1009 | D:2      | Noticed Sigmund
  1016 | D:2      | Reached XP level 3. HP: 26/29 MP: 4/6
  1026 | D:2      | HP: 1/29 [something/magic dart (6)]
  1239 | D:2      | Found a sparkling altar of Nemelex Xobeh.
  1508 | D:2      | Killed Sigmund
  1509 | D:2      | Reached skill level 4 in Unarmed Combat
  1509 | D:2      | Reached XP level 4. HP: 38/38 MP: 5/7
  1509 | D:2      | Reached XP level 5. HP: 45/45 MP: 5/8
  1744 | D:2      | Reached skill level 5 in Unarmed Combat
  1847 | D:3      | Noticed a sky beast
  2635 | D:3      | Killed a sky beast
  2636 | D:3      | Reached XP level 6. HP: 35/51 MP: 9/9
  2956 | D:4      | Identified the amulet "Ycyfodui" {rF+ rC+ Regen+ Int+7}
  3060 | D:4      | Noticed Robin
  3066 | D:4      | Noticed Natasha
  3352 | D:4      | Killed Robin
  3652 | D:4      | Killed Natasha
  3870 | D:4      | Noticed Natasha
  3878 | D:4      | Killed Natasha
  3996 | D:4      | Noticed Natasha
  4004 | D:4      | Killed Natasha
  4005 | D:4      | Your scales start taking on a golden yellow colour.
  4005 | D:4      | Reached XP level 7. HP: 58/58 MP: 8/10
  4005 | D:4      | Gained mutation: You are resistant to acid. (rCorr) [Yellow
                  | Draconian growth]
  4021 | D:4      | Learned a level 3 spell: Spider Form
  4182 | D:5      | Entered Level 5 of the Dungeon
  4274 | D:5      | Found a bloodstained altar of Trog.
  4387 | D:5      | Reached skill level 6 in Unarmed Combat
  4843 | D:5      | Reached XP level 8. HP: 58/67 MP: 11/11
  5165 | D:5      | Reached skill level 7 in Unarmed Combat
  5378 | D:5      | Reached skill level 5 in Fighting
  5476 | D:5      | Found a staircase to the Ecumenical Temple.
  5543 | Temple   | Entered the Ecumenical Temple
  5813 | Temple   | Became a worshipper of Uskayaw the Reveller
  5895 | D:5      | Reached * piety under Uskayaw
  5900 | D:5      | Reached ** piety under Uskayaw
  5903 | D:5      | Reached skill level 5 in Transmutations
  6020 | D:6      | Reached skill level 1 in Invocations
  6023 | D:6      | Reached *** piety under Uskayaw
  6035 | D:6      | Reached **** piety under Uskayaw
  6110 | D:6      | Found a glowing drain.
  6123 | Sewer    | Entered a sewer
  6203 | Sewer    | Learned a level 4 spell: Ice Form
  6254 | Sewer    | Reached XP level 9. HP: 75/75 MP: 10/12
  6663 | D:6      | Reached skill level 8 in Unarmed Combat
  7364 | D:7      | Reached skill level 5 in Dodging
  7572 | D:7      | Found a sacrificial altar of Ru.
  7584 | D:7      | Noticed Menkaure
  7596 | D:7      | Killed Menkaure
  7955 | D:7      | Found a runed translucent door.
  7956 | D:7      | Noticed Crazy Yiuf
  8256 | D:7      | Killed Crazy Yiuf
  9016 | D:8      | Reached XP level 10. HP: 86/86 MP: 7/13
  9324 | D:8      | Learned a level 2 spell: Wereblood
  9334 | D:8      | Reached skill level 5 in Invocations
  9351 | D:9      | Reached ***** piety under Uskayaw
  9468 | D:9      | Noticed Psyche
  9468 | D:9      | Noticed Grum
  9484 | D:9      | Noticed a two-headed ogre
  9598 | D:8      | Killed a two-headed ogre
  9599 | D:8      | Reached skill level 9 in Unarmed Combat
  9682 | D:9      | Killed Psyche
  9694 | D:9      | Slain by Grum

Illustrated notes

Levels and vault maps discovered:
D:1:      dpeg_arrival_windows_large_door, layout_loops_ring, serial_shops,
          shop, ebering_dispersal_statue_hall
D:2:      layout_rooms, basic_altar, dreamdust_ecumenical_altar_grove,
          uniq_sigmund
D:3:      layout_loops_cross, amcnicky_mini_corridor_feature
D:4:      layout_layer_cave, hangedman_decor_opposing, uniq_robin, uniq_natasha
D:5:      layout_loops_corners, bloody_trog, temple_hall, serial_undead,
          serial_undead_f, serial_undead_a, serial_undead_c, serial_undead_f,
          serial_undead_f, serial_undead_d, serial_undead_c,
          minmay_fountain_box, minmay_misc_feat_cross, dk_vineyard_2,
          serial_bayou_pond_c, minmay_misc_feat_ornament
D:6:      layout_basic, cheibrodos_sewer_entry_bend, minmay_misc_feat_iff
D:7:      layout_loops_ring, hangedman_ru_absence, uniq_crazy_yiuf_cottage,
          uniq_menkaure
D:8:      layout_gridville, minmay_tree_intersection
D:9:      layout_cross, jmf_multi_god_temple, serial_ice, serial_ice_j,
          serial_ice_n, serial_ice_f, serial_ice_o, uniq_psyche, uniq_grum
Temple:   dpeg_five_rooms_temple

Skill      XL: |  1  2  3  4  5  6  7  8  9 10 |
---------------+-------------------------------+-----
Fighting       | 3 4 5 7 |  7.9
Unarmed Combat | 4 5 6 7 8 9 |  9.1
Transmutations | 3 4 5 6 7 |  7.4
Dodging        | 2 3 4 5 6 |  6.3
Invocations    | 2 4 5 |  5.9
Spellcasting   | |  2.0

Action                   |  1- 3 |  4- 6 |  7- 9 | 10-12 || total
-------------------------+-------+-------+-------+-------++-------
Melee: Unarmed           |    79 |   123 |   420 |    56 ||   678
       Headbutt          |    10 |    16 |     9 |       ||    35
       Kick              |    14 |    21 |    15 |       ||    50
       Tailslap          |     5 |    12 |     7 |       ||    24
       Punch             |     1 |     1 |     2 |       ||     4
 Cast: Beastly Appendage |    28 |    28 |     4 |     1 ||    61
       Spider Form       |       |       |    54 |     7 ||    61
       Ice Form          |       |       |     1 |     1 ||     2
       Wereblood         |       |       |       |     1 ||     1
 Abil: Breathe Acid      |       |       |       |     1 ||     1
Evoke: Wand              |     2 |       |       |     1 ||     3
  Use: Potion            |     1 |       |       |     1 ||     2
       Scroll            |       |       |     8 |     3 ||    11
 Stab: Paralysed         |       |       |     8 |     5 ||    13
Armor: Skin              |    32 |    42 |    43 |    15 ||   132
Dodge: Dodged            |    58 |    72 |   337 |   186 ||   653

Table legend: (Time is in decaauts)
 A = Elapsed time spent in this place.
 B = Non-inter-level travel time spent in this place.
 C = Inter-level travel time spent in this place.
 D = Time resting spent in this place.
 E = Time spent auto-exploring this place.
 F = Levels seen in this place.
 G = Mean time per level.
                   A        B        C        D        E       F      G
               +--------+--------+--------+--------+--------+-----+--------+
         Total |   9619 |   9190 |    429 |    276 |   7126 |  11 |  874.5 |
       Dungeon |   8857 |   8517 |    340 |    276 |   6659 |   9 |  984.1 |
        Temple |    303 |    214 |     89 |      0 |    201 |   1 |  303.0 |
         Sewer |    458 |    458 |      0 |      0 |    266 |   1 |  458.0 |
               +--------+--------+--------+--------+--------+-----+--------+

Top non-repeatable levels by time:
     D:5: 1500 daAuts
     D:4: 1359 daAuts
     D:8: 1221 daAuts
     D:7: 1101 daAuts
     D:3: 1067 daAuts
     D:1: 986 daAuts
     D:2: 753 daAuts
     D:6: 725 daAuts
   Sewer: 458 daAuts
  Temple: 303 daAuts
     D:9: 140 daAuts
